[Event "Titled Tuesday Blitz September 28 2021"]
[White "Lazavik, Denis"]
[Black "Timofeev, Artyom"]
[WhiteFideId "13515110"]
[BlackFideId "4140419"]
[WhiteElo "2812"]
[BlackElo "2872"]
[Result "0-1"]
[Round "07"]
[TimeControl "180+1"]
[Date "2021.09.28"]
[WhiteClock "0:00:03"]
[BlackClock "0:00:20"]

1. d4 Nf6 2. c4 b6 3. f3 d5 4. cxd5 Nxd5 5. e4 Nf6 6. Nc3 e6 7. Be3 Be7 8. Qc2 O-O 9. O-O-O Bb7 10. h4 Nc6 11. h5 Nb4 12. Qf2 c5 13. a3 Nc6 14. dxc5 Qc8 15. g4 Nd7 16. g5 Nxc5 17. g6 h6 18. Kb1 Ne5 19. Qg3 Bf6 20. Bd4 Qb8 21. Bg2 Nc4 22. f4 e5 23. fxe5 Bxe5 24. Qf2 fxg6 25. Qc2 Bxd4 26. Rxd4 Ne3 27. Qe2 Nxg2 28. Qxg2 Qe5 29. Nge2 g5 30. Rhd1 a6 31. Ng3 Rac8 32. Nd5 Kh8 33. Rb4 b5 34. Rbd4 Ne6 35. R4d2 Nf4 36. Qg1 Kh7 37. Nc3 Qc5 38. Qe1 b4 39. axb4 Qxb4 40. Rd7 Rb8 41. R1d2 Bc6 42. Rc7 Qb6 43. Re7 Rb7 44. Rxb7 Qxb7 45. Nf5 Qf7 46. Nd6 Qe6 47. e5 Rb8 48. Qc1 Be8 49. Qc2+ Kg8 50. Nce4 Bxh5 51. Nc5 Bg6 52. Nde4 Qxe5 53. Qc4+ Kh7 54. Ka1 Rc8 55. Rd7 Bxe4 56. Qxe4+ Qxe4 57. Nxe4 Rc6 58. Ng3 Kg6 59. b4 h5 60. Ne4 h4 61. Nd6 h3 62. Ne8 h2 63. Rxg7+ Kh6 0-1


[Site "https://www.chess.com"]

[Event "Titled Tuesday Blitz September 28 2021"]
[White "Le, Tuan Minh"]
[Black "Aldokhin, Ivan"]
[WhiteFideId "12401153"]
[BlackFideId "24115720"]
[WhiteElo "2450"]
[BlackElo "2265"]
[Result "1-0"]
[Round "07"]
[TimeControl "180+1"]
[Date "2021.09.28"]
[WhiteClock "0:01:25"]
[BlackClock "0:00:28"]

1. d4 Nf6 2. Nf3 g6 3. Bg5 Bg7 4. Nbd2 d5 5. c3 O-O 6. e3 b6 7. Bd3 c5 8. O-O Bb7 9. Qe2 Ne4 10. Bf4 Nd7 11. Rfd1 Qe8 12. a4 Nxd2 13. Rxd2 e5 14. dxe5 Nxe5 15. Bxe5 Bxe5 16. Ba6 Bc6 17. Bb5 Bg7 18. Rxd5 Bxd5 19. Bxe8 Rfxe8 20. a5 Rad8 21. axb6 axb6 22. h3 Be4 23. Rd1 Bf6 24. Nd2 Bd3 25. Qf3 Rd6 26. Nc4 Rdd8 27. Qxf6 1-0


[Site "https://www.chess.com"]

[Event "Titled Tuesday Blitz September 28 2021"]
[White "Leitao, Rafael"]
[Black "Demin, Vladimir"]
[WhiteFideId "2101246"]
[BlackFideId "4167457"]
[WhiteElo "2609"]
[BlackElo "2513"]
[Result "0-1"]
[Round "07"]
[TimeControl "180+1"]
[Date "2021.09.28"]
[WhiteClock "0:00:13"]
[BlackClock "0:01:10"]

1. c4 Nf6 2. Nc3 e6 3. e4 d5 4. e5 Ne4 5. Nf3 Be7 6. d4 O-O 7. Bd3 Nxc3 8. bxc3 c5 9. cxd5 exd5 10. O-O Nc6 11. h3 h6 12. Bc2 f5 13. dxc5 Be6 14. Nd4 Qd7 15. Bb3 Rad8 16. Qf3 Bxc5 17. Rd1 Kh8 18. Nxe6 Qxe6 19. Bxd5 Nxe5 20. Qe2 Rxd5 21. Bf4 Re8 22. Re1 Bd6 23. Kh1 Qf7 24. c4 Rc5 25. Rad1 Bc7 26. Bg3 f4 27. Bh2 Re7 28. Rd4 Nc6 29. Re4 Rxe4 30. Qxe4 Re5 31. Qb1 Rxe1+ 32. Qxe1 Qe7 33. Qc1 Nd4 34. Qd2 Qe4 35. Bg1 f3 0-1


[Site "https://www.chess.com"]

[Event "Titled Tuesday Blitz September 28 2021"]
[White "Levitskiy, Andrey"]
[Black "Manafov, Vugar"]
[WhiteFideId "14132885"]
[BlackFideId "13410814"]
[WhiteElo "2340"]
[BlackElo "2274"]
[Result "1-0"]
[Round "07"]
[TimeControl "180+1"]
[Date "2021.09.28"]
[WhiteClock "0:00:41"]
[BlackClock "0:00:43"]

1. e4 e5 2. Nf3 d6 3. Bc4 Nf6 4. d3 Be7 5. O-O O-O 6. c3 c6 7. Bb3 Nbd7 8. Re1 Qc7 9. a4 a5 10. d4 h6 11. Nbd2 Re8 12. Nf1 Nf8 13. Ng3 Be6 14. Bxe6 Nxe6 15. Nf5 Bf8 16. Qb3 Kh7 17. Ng3 g6 18. h3 Rad8 19. Be3 Nd7 20. Rad1 Bg7 21. h4 Nf4 22. Qxf7 Rg8 23. dxe5 dxe5 24. Nxe5 Rgf8 25. Rxd7 Qxe5 26. Qxf8 Rxd7 27. Qxf4 1-0


[Site "https://www.chess.com"]

[Event "Titled Tuesday Blitz September 28 2021"]
[White "Martin Carmona, Gaston Manuel"]
[Black "Seo, Jung Min"]
[WhiteFideId "22284567"]
[BlackFideId "1734687"]
[WhiteElo "2161"]
[BlackElo "2486"]
[Result "0-1"]
[Round "07"]
[TimeControl "180+1"]
[Date "2021.09.28"]
[WhiteClock "0:00:10"]
[BlackClock "0:01:41"]

1. e4 c5 2. Nf3 d6 3. d4 cxd4 4. Nxd4 Nf6 5. Nc3 a6 6. Bg5 Nbd7 7. Qe2 e6 8. f4 Qc7 9. O-O-O Be7 10. g4 h6 11. Bxf6 Nxf6 12. e5 dxe5 13. fxe5 Nd7 14. Nf3 b5 15. Bg2 Bb7 16. h4 Rd8 17. Kb1 Bxf3 18. Bxf3 Nxe5 19. Rxd8+ Bxd8 20. Be4 Bf6 21. Qg2 Nc4 22. g5 hxg5 23. hxg5 Rxh1+ 24. Qxh1 Bxg5 25. Qh8+ Ke7 26. Qxg7 Bf6 27. Qg2 Bxc3 28. bxc3 Qe5 29. Kc1 Qf4+ 30. Kb1 Nd2+ 0-1


[Site "https://www.chess.com"]

[Event "Titled Tuesday Blitz September 28 2021"]
[White "Martins, Igor Carvalho Ribeiro"]
[Black "Aradhya, Garg"]
[WhiteFideId "2162962"]
[BlackFideId "25006746"]
[WhiteElo "2486"]
[BlackElo "2146"]
[Result "1/2-1/2"]
[Round "07"]
[TimeControl "180+1"]
[Date "2021.09.28"]
[WhiteClock "0:00:29"]
[BlackClock "0:00:18"]

1. Nf3 d5 2. d4 Nf6 3. c4 c6 4. Nc3 dxc4 5. a4 Bf5 6. Ne5 Nbd7 7. Nxc4 Nb6 8. Ne5 a5 9. f3 Nfd7 10. e4 Nxe5 11. dxe5 Qxd1+ 12. Kxd1 Be6 13. Kc2 f6 14. Be3 Nd7 15. exf6 exf6 16. Be2 Nc5 17. Bxc5 Bxc5 18. Rhd1 Ke7 19. b3 Rhd8 20. Bc4 Bd4 21. Rd3 Be5 22. Bxe6 Kxe6 23. g3 g5 24. Rad1 Rxd3 25. Rxd3 h5 26. Ne2 Rg8 27. Kd2 Ke7 28. Ke3 h4 29. f4 hxg3 30. hxg3 Bd6 31. Kf3 gxf4 32. gxf4 Rh8 33. Nd4 Rh3+ 34. Ke2 Rxd3 35. Kxd3 Bxf4 36. Nf5+ Kd7 37. Kc4 Be5 38. Ne3 b6 39. Nc2 Kd6 40. b4 axb4 41. Nxb4 Bg3 42. Nd3 Bh2 43. Kc3 Bg1 44. Kc4 Be3 45. Kb4 Bd2+ 46. Kc4 Ba5 47. Kd4 b5 48. axb5 cxb5 49. e5+ fxe5+ 50. Nxe5 Bb6+ 51. Ke4 Bg1 52. Nd3 Kc6 53. Kf3 Kd5 54. Ke2 Kc4 55. Kd2 Kb3 56. Nc1+ Kb2 57. Nd3+ Kb3 58. Nc1+ Ka3 59. Kc2 Bc5 60. Nb3 Be3 61. Na5 b4 62. Nc4+ Ka2 63. Na5 Bb6 64. Nb3 Be3 65. Na5 Bh6 66. Nb3 Bg7 67. Na5 Ka3 68. Nb3 Be5 69. Na5 Bc7 70. Nb3 Bb6 71. Nc1 Bd8 72. Nb3 Bg5 73. Na5 Be3 74. Nb3 Ka2 75. Na5 1/2-1/2


[Site "https://www.chess.com"]

[Event "Titled Tuesday Blitz September 28 2021"]
[White "Matamoros Franco, Carlos S."]
[Black "LEGENYA1998"]
[WhiteFideId "3600017"]
[WhiteElo "2554"]
[BlackElo "2421"]
[Result "1-0"]
[Round "07"]
[TimeControl "180+1"]
[Date "2021.09.28"]
[WhiteClock "0:00:50"]
[BlackClock "0:00:11"]

1. Nf3 d5 2. g3 Nf6 3. Bg2 c6 4. c4 dxc4 5. O-O g6 6. Na3 Bg7 7. Nxc4 O-O 8. d3 Na6 9. Bd2 Nc7 10. b4 Be6 11. Na5 Rb8 12. a3 Bd5 13. Rc1 Qd7 14. Qc2 Bxf3 15. Bxf3 Ne6 16. e3 Rfd8 17. d4 Rbc8 18. Bg2 h5 19. Bh3 g5 20. Qf5 g4 21. Bg2 Nxd4 22. Qxd7 Ne2+ 23. Kh1 Rxd7 24. Rc2 Rxd2 25. Rxd2 Nc3 26. Nxb7 Nfe4 27. Rc2 Rb8 28. Na5 c5 29. Nc6 Re8 30. Bxe4 Nxe4 31. bxc5 e6 32. Nxa7 Ra8 33. Nb5 Rc8 34. c6 Bf8 35. Rfc1 1-0


[Site "https://www.chess.com"]

[Event "Titled Tuesday Blitz September 28 2021"]
[White "Mgeladze, Tamaz"]
[Black "Wagner, Dinara"]
[WhiteFideId "13601202"]
[BlackFideId "24157570"]
[WhiteElo "2258"]
[BlackElo "2260"]
[Result "1-0"]
[Round "07"]
[TimeControl "180+1"]
[Date "2021.09.28"]
[WhiteClock "0:00:19"]
[BlackClock "0:00:02"]

1. c4 c5 2. Nc3 Nc6 3. g3 g6 4. Bg2 Bg7 5. Nf3 d6 6. O-O e5 7. a3 Nge7 8. Rb1 a5 9. d3 O-O 10. Bg5 h6 11. Be3 Be6 12. Qa4 b6 13. Rfc1 Rc8 14. Ne1 d5 15. cxd5 Nxd5 16. Nxd5 Bxd5 17. Bd2 Nd4 18. Bxd5 Qxd5 19. Qd1 Nb3 20. Rc2 Nd4 21. Rcc1 h5 22. Bc3 h4 23. Bxd4 exd4 24. gxh4 Rfe8 25. Nf3 Qf5 26. Qf1 Rc6 27. b4 Rce6 28. Rc2 axb4 29. axb4 Qg4+ 30. Qg2 Qxg2+ 31. Kxg2 Rxe2 32. Rxe2 Rxe2 33. bxc5 bxc5 34. Rb8+ Bf8 35. Rb7 Be7 36. Kf1 Re6 37. Nd2 Bxh4 38. Rc7 Be7 39. Ne4 Kg7 40. Nxc5 Bxc5 41. Rxc5 Rd6 42. Rc4 Kf6 43. Kg2 Ke5 44. Rc5+ Ke6 45. Kf3 f5 46. Kf4 Kf6 47. h4 Ra6 48. Rd5 Ra2 49. f3 Rh2 50. Kg3 Rd2 51. Rxd4 Ke5 52. Rd8 f4+ 53. Kh3 Rf2 54. d4+ Ke6 55. Kg4 Rh2 56. Rf8 Rg2+ 57. Kxf4 Rd2 58. Rd8 Rg2 59. Ra8 Rd2 60. Ra6+ Kf7 61. Ra4 Rh2 62. Ke5 Rxh4 63. Ra7+ Kf8 64. d5 Rh1 65. Kf6 Ke8 66. Kxg6 Rf1 67. Rf7 Rd1 68. Rf5 Ke7 69. Re5+ Kd6 70. f4 Rg1+ 71. Kf6 Rf1 72. f5 Rf2 73. Re1 Kxd5 74. Kg6 Kd6 75. f6 Rg2+ 76. Kf7 Kd7 77. Kf8 Kd8 78. Rd1+ Kc8 79. f7 Kc7 80. Rf1 Kd7 81. Rd1+ Ke6 82. Re1+ Kd7 83. Re4 Kd6 84. Ke8 Ra2 85. f8=Q+ Kc6 86. Re6+ Kd5 87. Qd6+ Kc4 88. Re4+ Kb5 89. Rb4+ Ka5 90. Qb6# 1-0


[Site "https://www.chess.com"]

[Event "Titled Tuesday Blitz September 28 2021"]
[White "Molina, Roberto Junio Brito"]
[Black "Sadhwani, Raunak"]
[WhiteFideId "2109450"]
[BlackFideId "35093487"]
[WhiteElo "2736"]
[BlackElo "2957"]
[Result "0-1"]
[Round "07"]
[TimeControl "180+1"]
[Date "2021.09.28"]
[WhiteClock "0:00:02"]
[BlackClock "0:00:06"]

1. d4 Nf6 2. c4 g6 3. Nc3 Bg7 4. e4 d6 5. Nf3 O-O 6. Be2 Qe8 7. O-O e5 8. Re1 exd4 9. Nxd4 Nxe4 10. Nd5 Qd8 11. Bf3 Nxf2 12. Kxf2 Qh4+ 13. Kf1 Bxd4 14. Qd2 Nc6 15. Re4 Qxh2 16. Rxd4 Nxd4 17. Qxd4 Qe5 18. Be3 c6 19. Nf6+ Kg7 20. Qd2 Be6 21. Bd4 Kxf6 22. Bxe5+ dxe5 23. b3 h5 24. Re1 Rfe8 25. Qc3 Bf5 26. Kf2 Rad8 27. Qa5 Rd7 28. Qxa7 e4 29. Qa5 Rde7 30. Be2 e3+ 31. Kg1 Kg7 32. Qc3+ Kh7 33. a4 c5 34. b4 cxb4 35. Qxb4 Bg4 36. Bxg4 hxg4 37. c5 f5 38. g3 e2 39. Kf2 g5 40. a5 Kg7 41. Qd4+ Kg6 42. Qd6+ Re6 43. Qc7 R8e7 44. Qd8 f4 45. Qd3+ Kf6 46. Qd4+ Kf5 47. Qd3+ Kf6 0-1


[Site "https://www.chess.com"]

[Event "Titled Tuesday Blitz September 28 2021"]
[White "Moore, Nicholas"]
[Black "Thejkumar, M. S."]
[WhiteFideId "4303709"]
[BlackFideId "5009154"]
[WhiteElo "2414"]
[BlackElo "2312"]
[Result "0-1"]
[Round "07"]
[TimeControl "180+1"]
[Date "2021.09.28"]
[WhiteClock "0:00:16"]
[BlackClock "0:00:29"]

1. d4 d5 2. c4 Nc6 3. Nc3 dxc4 4. Nf3 Nf6 5. e4 Bg4 6. Be3 e6 7. Bxc4 Bb4 8. Qd3 O-O 9. a3 Bxc3+ 10. bxc3 Qe7 11. Nd2 Rad8 12. Qc2 e5 13. d5 Na5 14. Ba2 Ne8 15. f3 Bc8 16. c4 c5 17. dxc6 Nxc6 18. Nb3 Nd4 19. Qc3 Nc7 20. Nxd4 exd4 21. Bxd4 Ne6 22. Bf2 f5 23. e5 Nf4 24. c5+ Be6 25. Bxe6+ Qxe6 26. Kf1 Rd3 27. Qc1 Qxe5 28. Qc4+ Kh8 29. Re1 Rc3 30. Rxe5 Rxc4 31. g3 Nd3 32. Re7 h6 33. Kg2 Rc2 34. Rf1 Rd8 35. Kg1 Nxf2 36. Rxf2 Rxc5 37. Rxb7 Rd1+ 38. Kg2 a5 39. Re2 f4 40. gxf4 Rd6 41. h4 Rg6+ 42. Kh2 Rf5 43. Re4 Rh5 44. Kh3 Rc5 45. Re2 Rc3 46. h5 Rxf3+ 47. Kh2 Rg4 48. Re8+ Kh7 49. Ree7 Rfxf4 50. Kh3 Rg5 51. Kh2 Rh4# 0-1


[Site "https://www.chess.com"]

[Event "Titled Tuesday Blitz September 28 2021"]
[White "Moroni, Luca Jr"]
[Black "Langrock, Hannes"]
[WhiteFideId "865834"]
[BlackFideId "4655290"]
[WhiteElo "2491"]
[BlackElo "2325"]
[Result "1-0"]
[Round "07"]
[TimeControl "180+1"]
[Date "2021.09.28"]
[WhiteClock "0:00:20"]
[BlackClock "0:00:01"]

1. d4 f5 2. Nf3 Nf6 3. g3 g6 4. Bg2 Bg7 5. O-O O-O 6. b3 d6 7. Bb2 Ne4 8. Nbd2 Nc6 9. e3 Nxd2 10. Qxd2 e5 11. dxe5 dxe5 12. Rad1 Qe7 13. Ne1 e4 14. Bxg7 Qxg7 15. f3 exf3 16. Nxf3 Qf6 17. Nd4 Ne5 18. Qa5 Qe7 19. e4 fxe4 20. Rxf8+ Kxf8 21. Rf1+ Kg7 22. Bxe4 c6 23. Qc3 Kg8 24. Re1 Bd7 25. Bd3 Re8 26. Bc4+ Kf8 27. Ne6+ Bxe6 28. Qxe5 Kf7 29. Rf1+ Kg8 30. Re1 Kf7 31. Bxe6+ Qxe6 32. Qf4+ Qf5 33. Qc7+ Kf8 34. Qd6+ Kf7 35. Rf1 1-0


[Site "https://www.chess.com"]

[Event "Titled Tuesday Blitz September 28 2021"]
[White "Mortazavi, Ali"]
[Black "Ekdyshman, Mikhail"]
[WhiteFideId "401323"]
[BlackFideId "4149416"]
[WhiteElo "2339"]
[BlackElo "2256"]
[Result "0-1"]
[Round "07"]
[TimeControl "180+1"]
[Date "2021.09.28"]
[WhiteClock "0:00:06"]
[BlackClock "0:01:45"]

1. e4 c5 2. Nc3 d6 3. g3 g6 4. Bg2 Bg7 5. d3 Nc6 6. Be3 Rb8 7. Qd2 b5 8. Nd1 b4 9. Ne2 h5 10. O-O h4 11. h3 hxg3 12. fxg3 Bxh3 13. Nf4 Bxg2 14. Kxg2 Qd7 15. Nf2 Ne5 16. Rh1 Nf6 17. Rxh8+ Bxh8 18. Rh1 Bg7 19. Nd5 Nxd5 20. exd5 Qb7 21. Ne4 Qxd5 22. Bh6 Bxh6 23. Qxh6 Kd7 24. Qh3+ f5 25. Kf1 Nxd3 26. Nd2 Nf2 27. Kxf2 Qxd2+ 28. Kf3 Qxc2 29. Re1 Qxb2 30. Qh7 Qf6 31. Qh1 b3 32. a3 b2 33. Kf2 Qd4+ 34. Ke2 Qe4+ 0-1


[Site "https://www.chess.com"]

[Event "Titled Tuesday Blitz September 28 2021"]
[White "Moskvin, Anatoly"]
[Black "Kucuksari, Kaan"]
[WhiteFideId "24199990"]
[BlackFideId "6380166"]
[WhiteElo "2098"]
[BlackElo "2301"]
[Result "0-1"]
[Round "07"]
[TimeControl "180+1"]
[Date "2021.09.28"]
[WhiteClock "0:00:04"]
[BlackClock "0:00:49"]

1. e4 c5 2. Nf3 e6 3. b4 cxb4 4. d4 d5 5. e5 Nc6 6. a3 a6 7. axb4 Bxb4+ 8. c3 Be7 9. Bd3 h5 10. h4 Nh6 11. Ng5 Nf5 12. Qf3 g6 13. Na3 Qa5 14. O-O Qxc3 15. Nb5 Qxa1 16. Nc7+ Kf8 17. Nxa8 Qxd4 18. Bxf5 gxf5 19. Qb3 Qxh4 20. Nf3 Qb4 21. Qxb4 Nxb4 22. Nb6 Kg7 23. Ba3 Nc6 24. Bxe7 Nxe7 25. Rc1 Nc6 26. Nd2 Rd8 27. Nb3 Bd7 28. Nc5 Be8 29. Nxb7 Rb8 30. Nd6 Rxb6 31. Nxe8+ Kf8 32. Nd6 Nxe5 33. f4 Rxd6 34. fxe5 Rb6 35. Ra1 Kg7 36. Ra4 Kg6 37. Kf2 Kg5 38. Kf3 f4 0-1


[Site "https://www.chess.com"]

[Event "Titled Tuesday Blitz September 28 2021"]
[White "Nakamura, Hikaru"]
[Black "Tang, Andrew"]
[WhiteFideId "2016192"]
[BlackFideId "2059630"]
[WhiteElo "3209"]
[BlackElo "2980"]
[Result "1-0"]
[Round "07"]
[TimeControl "180+1"]
[Date "2021.09.28"]
[WhiteClock "0:00:31"]
[BlackClock "0:00:02"]

1. Nf3 d5 2. g3 Bg4 3. Bg2 Nd7 4. c4 e6 5. cxd5 exd5 6. h3 Bh5 7. Nc3 c6 8. O-O Bd6 9. d3 Ne7 10. Qc2 O-O 11. e4 Rc8 12. Re1 Nc5 13. Nh4 Ne6 14. f4 d4 15. Ne2 f6 16. Nf5 Bf7 17. Nxd6 Qxd6 18. f5 Nc7 19. Bf4 Qd7 20. Qc5 Nb5 21. a4 b6 22. Qb4 a5 23. Qd2 Nc7 24. b4 Ra8 25. bxa5 Rxa5 26. Qb4 Nc8 27. Qxd4 Qe7 28. Qc3 c5 29. d4 Na6 30. e5 cxd4 31. Nxd4 Rc5 32. Qe3 fxe5 33. Bxe5 Re8 34. Bf4 Qd7 35. Qf2 Ne7 36. Rad1 Nxf5 37. Ne6 Qxd1 38. Rxd1 Bxe6 39. Rb1 Ra5 40. Qxb6 Rxa4 41. Bc6 1-0


[Site "https://www.chess.com"]

[Event "Titled Tuesday Blitz September 28 2021"]
[White "Navalgund, Niranjan"]
[Black "Aghasiyev, Kamal"]
[WhiteFideId "5030854"]
[BlackFideId "13402854"]
[WhiteElo "2290"]
[BlackElo "2210"]
[Result "0-1"]
[Round "07"]
[TimeControl "180+1"]
[Date "2021.09.28"]
[WhiteClock "0:00:13"]
[BlackClock "0:00:13"]

1. d4 d5 2. Nf3 Nf6 3. c4 e6 4. g3 dxc4 5. Bg2 a6 6. O-O Nc6 7. e3 Rb8 8. Qe2 b5 9. b3 cxb3 10. axb3 Bb7 11. Bd2 Be7 12. Rc1 O-O 13. Na3 Nb4 14. Nc2 c5 15. dxc5 Nd3 16. Rd1 Nxc5 17. Ba5 Qe8 18. Ncd4 Bd5 19. b4 Na4 20. Rac1 Ne4 21. Ne5 Nac3 22. Qd3 Nxd1 23. Bxe4 Bxe4 24. Qxe4 Nb2 25. Bc7 Rc8 26. Qb7 Bf6 27. Rc6 Bxe5 28. Bxe5 Nc4 29. Bc7 g6 30. g4 e5 31. Nf3 Qd7 32. Ng5 Qxg4+ 33. Kf1 Qxg5 34. Rxa6 Qf5 35. Rc6 Qb1+ 36. Kg2 Qe4+ 37. Kf1 Qh1+ 38. Ke2 e4 39. Qxb5 Qf3+ 40. Ke1 Nb2 41. Qe2 Nd3+ 42. Kd2 Qxf2 43. b5 Qxe2+ 44. Kxe2 Nb4 45. Rc4 Nd5 46. b6 Nxb6 47. Bxb6 Rxc4 48. Bd4 Rfc8 49. Kf2 f5 50. Kg3 Kf7 51. Kf4 Rxd4 52. exd4 Re8 53. Ke3 Ke6 54. Kf4 Kd5 55. Ke3 g5 56. h3 f4+ 57. Ke2 Kxd4 58. Kf2 e3+ 59. Ke2 Ke4 60. h4 f3+ 61. Ke1 g4 62. h5 Rd8 63. h6 g3 0-1


[Site "https://www.chess.com"]

[Event "Titled Tuesday Blitz September 28 2021"]
[White "Nesterov, Arseniy"]
[Black "Terry, Renato"]
[WhiteFideId "24198455"]
[BlackFideId "3803457"]
[WhiteElo "2852"]
[BlackElo "2965"]
[Result "1/2-1/2"]
[Round "07"]
[TimeControl "180+1"]
[Date "2021.09.28"]
[WhiteClock "0:00:06"]
[BlackClock "0:00:15"]

1. d4 e6 2. c4 Bb4+ 3. Nd2 Nf6 4. Nf3 a5 5. e3 b6 6. Bd3 Bb7 7. Qc2 d6 8. O-O Bxd2 9. Nxd2 Nbd7 10. b3 O-O 11. Bb2 Qe7 12. e4 e5 13. Rae1 Nh5 14. g3 Rae8 15. Qd1 g6 16. f4 exf4 17. gxf4 Qh4 18. Qf3 f5 19. d5 fxe4 20. Rxe4 Rxe4 21. Qxe4 Nxf4 22. Kh1 Qh3 23. Rxf4 Rxf4 24. Qxf4 Qxd3 25. Qg5 Kf7 26. Qd8 Bxd5+ 27. cxd5 Qxd5+ 28. Kg1 Qc6 29. Qh8 Nf8 30. Qg7+ Ke8 31. Qg8 Qc5+ 32. Kf1 Qf5+ 33. Ke1 Qe6+ 34. Qxe6+ Nxe6 35. Ne4 Kf7 36. Nf6 h5 37. Kf2 h4 38. Kf3 g5 39. Ke4 Kg6 40. Kd5 Nf4+ 41. Kc6 Nd3 42. Bc3 Kf5 43. Kxc7 Nc1 44. Kxd6 Nxa2 45. Ba1 Nc1 46. Nd5 Nxb3 47. Bb2 Nd2 48. Nxb6 Nf1 49. Be5 Ne3 50. Bd4 Ng4 51. h3 Nh2 52. Kd5 Nf3 53. Bc5 g4 54. hxg4+ Kxg4 55. Bd6 h3 56. Nc4 Nh4 57. Ne3+ Kf3 58. Nf1 a4 59. Kc4 Nf5 60. Bc7 Kg2 61. Nd2 Ng3 62. Bxg3 Kxg3 63. Nf1+ Kg2 64. Ne3+ Kf3 65. Nf1 Kf2 66. Nh2 Kg2 67. Ng4 Kf3 68. Nh2+ Kg3 69. Nf1+ Kg2 70. Ne3+ Kg1 71. Ng4 Kg2 72. Kb4 Kg3 73. Ne3 Kf3 74. Nf1 Kf2 75. Nh2 Kg2 76. Ng4 a3 77. Kxa3 Kg3 78. Ne3 Kf3 79. Nf1 Kf2 80. Nh2 Kg3 81. Nf1+ Kf4 82. Kb3 Kf3 83. Kc2 Kf2 84. Nh2 Kg2 85. Ng4 Kg3 86. Ne3 Kf3 87. Nf1 Ke2 88. Nh2 1/2-1/2


[Site "https://www.chess.com"]

[Event "Titled Tuesday Blitz September 28 2021"]
[White "Noboa Silva, Kevin"]
[Black "Begmuratov, Khumoyun"]
[WhiteFideId "3618471"]
[BlackFideId "14210207"]
[WhiteElo "2161"]
[BlackElo "1948"]
[Result "0-1"]
[Round "07"]
[TimeControl "180+1"]
[Date "2021.09.28"]
[WhiteClock "0:00:01"]
[BlackClock "0:00:04"]

1. d4 Nf6 2. c4 g6 3. Nc3 Bg7 4. e4 d6 5. h3 O-O 6. Bg5 c6 7. Bd3 a6 8. Nf3 b5 9. a3 bxc4 10. Bxc4 Nbd7 11. O-O Nb6 12. Bd3 Be6 13. Qe2 Qc7 14. Rac1 Qb7 15. Rfd1 Rfc8 16. Re1 h6 17. Be3 d5 18. e5 Nfd7 19. Qd2 Kh7 20. b4 Nc4 21. Bxc4 dxc4 22. Ne4 Bd5 23. Bf4 Rd8 24. Qe2 Nf8 25. Nc5 Qc8 26. Nd2 Ne6 27. Nxe6 Bxe6 28. Be3 Qb7 29. Nxc4 Rac8 30. Na5 Qd7 31. Qxa6 Bd5 32. Qd3 Rb8 33. Rc5 e6 34. Rec1 Bf8 35. R5c3 Rb6 36. Qc2 Rc8 37. Nb3 Ra8 38. Nd2 Rba6 39. Qb2 Qb7 40. f3 Qb5 41. Ne4 Qb7 42. Nf6+ Kg7 43. Qd2 g5 44. h4 Rxa3 45. hxg5 hxg5 46. Bxg5 Ra2 47. R1c2 Ra1+ 48. Rc1 Qxb4 49. Bh6+ Kh8 0-1


[Site "https://www.chess.com"]

[Event "Titled Tuesday Blitz September 28 2021"]
[White "Nozdrachev, Leonid"]
[Black "Kuegel, Tobias"]
[WhiteFideId "24113433"]
[BlackFideId "4636295"]
[WhiteElo "2196"]
[BlackElo "2428"]
[Result "1-0"]
[Round "07"]
[TimeControl "180+1"]
[Date "2021.09.28"]
[WhiteClock "0:01:46"]
[BlackClock "0:00:05"]

1. e4 e5 2. Nf3 Nc6 3. Bc4 Bc5 4. d3 Nf6 5. Nbd2 O-O 6. a4 a6 7. a5 h6 8. O-O d6 9. c3 Re8 10. h3 Be6 11. b4 Ba7 12. Qb3 d5 13. exd5 Bxd5 14. Re1 Bxc4 15. Qxc4 Qd5 16. Ra2 Rad8 17. Re2 Qxd3 18. Ne1 Qxc4 19. Nxc4 Rd1 20. Be3 Bxe3 21. Nxe3 Rb1 22. Rab2 Rxb2 23. Rxb2 Rd8 24. Kf1 Ne4 25. c4 Rd2 26. Rxd2 Nxd2+ 27. Ke2 Ne4 28. Nd5 Nd6 29. Kd3 Ne8 30. Kc3 f6 31. Nd3 Kf7 32. Nc5 Nd8 33. b5 axb5 34. Nxb7 Nxb7 35. a6 Nc5 36. a7 Na4+ 37. Kc2 Nb6 38. Nxb6 cxb6 39. a8=Q 1-0


[Site "https://www.chess.com"]

[Event "Titled Tuesday Blitz September 28 2021"]
[White "Odegov, Artem"]
[Black "Solon, Nathan"]
[WhiteFideId "34183644"]
[BlackFideId "2017229"]
[WhiteElo "2257"]
[BlackElo "2684"]
[Result "0-1"]
[Round "07"]
[TimeControl "180+1"]
[Date "2021.09.28"]
[WhiteClock "0:00:02"]
[BlackClock "0:00:07"]

1. d4 d5 2. c4 dxc4 3. Nf3 a6 4. a4 Nf6 5. e3 Bg4 6. Bxc4 e6 7. O-O Nc6 8. Nc3 Bd6 9. Be2 O-O 10. e4 Bxf3 11. Bxf3 Nxd4 12. Bg5 h6 13. Bh4 c5 14. Kh1 Qc7 15. Bxf6 gxf6 16. Bh5 Rfd8 17. Qg4+ Kh8 18. Qh4 Qe7 19. Bd1 Kg7 20. f4 f5 21. Qg3+ Kh8 22. e5 Bc7 23. Qh3 Kh7 24. g4 fxg4 25. Bxg4 Rg8 26. Ne4 Rg6 27. Bh5 Rg7 28. Nf6+ Kh8 29. Be2 Rg6 30. Bd3 Rxf6 31. exf6 Qxf6 32. Rg1 Rd8 33. Rg3 Bxf4 34. Rf1 Qe5 35. Rg2 b5 36. Bb1 c4 37. Qh4 Bg5 38. Qf2 f5 39. h4 Bf6 40. Re1 Qd5 41. Qe3 Bg7 42. Kh2 Qd6+ 43. Kh3 f4 44. Qe4 Nf5 45. Reg1 Qd4 46. Rxg7 Qxe4 47. Bxe4 Nxg7 48. axb5 axb5 49. Ra1 Nf5 50. Ra6 Nd6 51. Bf3 e5 52. Kg4 e4 53. Be2 f3 54. Bf1 Rg8+ 55. Kf4 Rf8+ 56. Ke3 Nf5+ 57. Kd2 Ng3 58. Bh3 Rd8+ 59. Kc2 f2 60. Rxh6+ Kg7 61. Rb6 f1=Q 62. Bxf1 Nxf1 63. Rxb5 e3 64. Re5 Rd2+ 65. Kc3 e2 66. Kxc4 Rd1 67. Rxe2 Rb1 68. Kc3 Kf6 69. Rf2+ Ke5 70. Kc2 Re1 71. Rg2 Ne3+ 72. Kd2 Nxg2 73. b3 Rb1 0-1


[Site "https://www.chess.com"]

[Event "Titled Tuesday Blitz September 28 2021"]
[White "Okike, David"]
[Black "Maksimenko, Viktor"]
[WhiteFideId "8500134"]
[BlackFideId "13710478"]
[WhiteElo "2232"]
[BlackElo "2269"]
[Result "0-1"]
[Round "07"]
[TimeControl "180+1"]
[Date "2021.09.28"]
[WhiteClock "0:00:37"]
[BlackClock "0:01:05"]

1. e4 c6 2. d4 d5 3. e5 Bf5 4. h4 h5 5. c4 e6 6. Nc3 Bb4 7. Qb3 a5 8. a3 dxc4 9. Bxc4 Bxc3+ 10. bxc3 b5 11. Be2 a4 12. Qd1 Qd5 13. Bf3 Qb3 14. Bd2 Qxd1+ 15. Bxd1 Ne7 16. Nh3 Nd5 17. Nf4 Nxf4 18. Bxf4 Nd7 19. Bf3 Rc8 20. Ke2 Nb6 21. Ra2 Kd7 22. Rc1 Nc4 23. Ke1 Bg4 24. Be4 Bf5 25. Bf3 f6 26. Be2 Nb6 27. c4 bxc4 28. Bxc4 Nd5 29. Bd2 fxe5 30. dxe5 Rb8 31. Ke2 Rb7 32. Bd3 Bxd3+ 33. Kxd3 Rb3+ 34. Ke2 Rhb8 35. Rac2 R8b6 36. Ra1 g6 37. Rc4 Ra6 38. g3 Rb5 39. Rac1 Rb3 40. Ra1 Kc7 41. g4 Rb2 42. gxh5 gxh5 43. Kd3 Kb6 44. Rg1 Rb3+ 45. Kc2 Kb5 46. Re4 Rxa3 47. Rb1+ Rb3 48. Rxb3+ axb3+ 49. Kxb3 c5 50. Kb2 c4 51. f4 Kc5 52. Bc3 Ra2+ 53. Kxa2 Nxc3+ 54. Kb2 Nxe4 55. Kc2 Ng3 0-1


[Site "https://www.chess.com"]

[Event "Titled Tuesday Blitz September 28 2021"]
[White "Oparin, Grigoriy"]
[Black "Tsydypov, Zhamsaran"]
[WhiteFideId "24125890"]
[BlackFideId "4108566"]
[WhiteElo "2916"]
[BlackElo "2976"]
[Result "1-0"]
[Round "07"]
[TimeControl "180+1"]
[Date "2021.09.28"]
[WhiteClock "0:01:29"]
[BlackClock "0:00:53"]

1. Nf3 Nf6 2. g3 g6 3. Bg2 Bg7 4. c4 O-O 5. Nc3 d6 6. d4 Nbd7 7. O-O a6 8. e4 e5 9. Qc2 Rb8 10. Rd1 Qe7 11. Bg5 h6 12. Nd5 Qd8 13. Bxf6 Bxf6 14. c5 exd4 15. cxd6 cxd6 16. Nxf6+ Nxf6 17. Rxd4 Qe7 18. Qd2 Kg7 19. Re1 Be6 20. Rxd6 Bxa2 21. e5 Ne8 22. Rd7 Qe6 23. h4 Bc4 24. h5 Bb5 25. Rd4 g5 26. Rde4 Qb6 27. Nd4 Kh8 28. Nf5 Ng7 29. Nxg7 Kxg7 30. e6 Bc6 31. Qc3+ Kg8 32. e7 Rfe8 33. Qf6 Qc7 34. Re5 Bxg2 35. Qxh6 1-0


[Site "https://www.chess.com"]